 Dungeon Crawl Stone Soup version 0.29.1-14-g9c671dbff4 (webtiles) character file.

Game seed: 12836044182608804982

791 KamiKatze the Conjurer (level 7, -1/36 HPs)
             Began as a Deep Elf Conjurer on Feb 20, 2023.
             Shot with an arrow by a centaur (6 damage)
             ... on level 5 of the Dungeon.
             The game lasted 00:15:03 (3919 turns).

KamiKatze the Conjurer (Deep Elf Conjurer)          Turns: 3919, Time: 00:15:03

Health: -1/36      AC:  4    Str:  4    XL:     7   Next: 57%
Magic:  11/18      EV: 13    Int: 25    God:
Gold:   187        SH:  0    Dex: 19    Spells: 7/18 levels left

rFire   . . .      SeeInvis .   x - +2 dagger (vamp)
rCold   . . .      Faith    .   (no shield)
rNeg    . . .      Spirit   .   n - +1 animal skin
rPois   .          Reflect  .   o - +0 helmet
rElec   .          Harm     .   (no cloak)
rCorr   .          Rampage  .   (no gloves)
Will    .....                   (no boots)
Stlth   +++.......              (no amulet)
HPRegen 0.12/turn               v - ring of wizardry
MPRegen 0.16/turn               w - +6 ring of dexterity

@: no status effects
A: no striking features
a: no special abilities


You were on level 5 of the Dungeon.
You visited 1 branch of the dungeon, and saw 5 of its levels.

You collected 187 gold pieces.

Inventory:

Hand Weapons
 e - a +0 falchion
 m - a +1 dagger of holy wrath
 x - a +2 vampiric dagger (weapon)
Armour
 n - a +1 animal skin (worn)
 o - a +0 helmet (worn)
Magical Staves
 z - a staff of poison
Jewellery
 v - a ring of wizardry (left hand)
 w - a +6 ring of dexterity (right hand)
Wands
 t - a wand of acid (6)
 y - a wand of mindburst (13)
Scrolls
 c - 2 scrolls of magic mapping {unknown}
 d - a scroll of fear {unknown}
 f - 3 scrolls of enchant weapon {unknown}
 g - a scroll of fog {unknown}
 j - a scroll of identify {unknown}
 k - 2 scrolls of poison {unknown}
 p - 4 scrolls of immolation {unknown}
 r - a scroll of amnesia {unknown}
 s - 2 scrolls of teleportation {unknown}
 u - 4 scrolls of enchant armour {unknown}
Potions
 a - 2 potions of cancellation {unknown}
 b - a potion of magic
 h - a potion of might {unknown}
 i - a potion of lignification {unknown}
 l - a potion of heal wounds {unknown}
 q - a potion of degeneration {unknown}


   Skills:
 - Level 3.0 Dodging
 - Level 3.0 Stealth
 * Level 6.0 Spellcasting
 * Level 6.3 Conjurations
 * Level 5.0 Hexes
 * Level 4.2 Translocations
 + Level 1.0 Evocations


You had 7 spell levels left.
You knew the following spells:

 Your Spells              Type           Power      Damage    Failure   Level
a - Magic Dart            Conj           100%       1d8       1%          1
b - Searing Ray           Conj           78%        2d7       1%          2
c - Fulminant Prism       Conj/Hex       18%        3d11      2%          4
d - Iskenderun's Mystic   Conj/Tloc      33%        2d8       3%          4

Your spell library contained the following spells:

 Spells                   Type           Power      Damage    Failure   Level
 Slow                     Hex            100%       N/A       1%          1
 Confusing Touch          Hex            32%        N/A       1%          3
 Dazzling Flash           Conj/Hex       72%        N/A       1%          3
 Frozen Ramparts          Ice            14%        1d3       9%          3
 Vampiric Draining        Necr           7%         2d6       9%          3
 Ice Form                 Ice/Tmut       7%         N/A       28%         4
 Summon Ice Beast         Ice/Summ       7%         N/A       28%         4


Dungeon Overview and Level Annotations

Branches:
Dungeon (5/15)
 Temple: D:4-7

Altars:
Cheibriados

Annotations:
D:2 1 runed translucent door, exclusion: door, Crazy Yiuf


Message History

Unknown command.
Casting: Searing Ray (safe; 1% risk of failure)
Confirm with . or Enter, or press ? or * to list all spells.
The spell is quite dangerous to miscast (3% risk of failure)!
Continue anyway?
You erupt in a blast of force!
The mystic blast hits the centaur.
The centaur is moderately wounded.
The centaur is knocked back by the mystic blast.
The mystic blast hits the black bear!
The black bear is heavily wounded.
The black bear is knocked back by the mystic blast.
The black bear slams into the rock wall!
The black bear is heavily wounded.
You hear a shout!
The centaur wields a +0 shortbow.
The centaur shoots an arrow.
The arrow barely misses you.
The arrow closely misses the black bear.
The centaur shoots an arrow.
The arrow hits you!
* * * LOW HITPOINT WARNING * * *
The centaur shoots an arrow.
The arrow closely misses you. The black bear barely misses you.
The black bear claws you but does no damage.
The black bear barely misses you.
The centaur shoots an arrow.
The arrow closely misses you.
Casting: Iskenderun's Mystic Blast (quite dangerous; 3% risk of failure)
Confirm with . or Enter, or press ? or * to list all spells.
The spell is quite dangerous to miscast (3% risk of failure)!
Continue anyway?
You erupt in a blast of force!
The mystic blast hits the centaur.
The centaur is heavily wounded.
The centaur is knocked back by the mystic blast.
The centaur slams into the rock wall!
The centaur is almost dead.
The mystic blast hits the black bear.
The black bear is severely wounded.
The black bear is knocked back by the mystic blast.
You hear a shout!
The centaur shoots an arrow.
The arrow hits you.
* * * LOW HITPOINT WARNING * * *
You hear an angry hiss.
The centaur shoots an arrow.
The arrow hits you.
You die...

≈.≈≈≈.≈...........#.###.....
.....≈......####.#.###.....
§._..≈..##.................
.....≈..##..##.#.#c##..###
≈.≈≈≈.§..##..........# .#
.............##h#.#.##. #
≈≈≈≈≈≈≈.###..##........
.....§.......#.###.#(###
####........#@##..........
.............#.##..#.......
#####........#.##..........
#........#.##..#.......#
#........#.##†.#.......####
########.#.<......###......
#.#.##......#...†...
#...........#.......
#.......#...#.......


You could see a black bear and a centaur.

Vanquished Creatures
  Sigmund (D:4)
  A centaur (D:4)
  A phantom (D:4)
  2 scorpions (D:5)
  A howler monkey (D:5)
  2 orc priests
  Ijyb (D:3)
  An orc wizard (D:4)
  Robin (D:2)
  3 gnolls (D:5)
  7 adders
  2 worms
  2 dart slugs (D:4)
  8 orcs
  3 ball pythons
  4 endoplasms
  7 hobgoblins
  2 jackals (D:5)
  A kobold (D:4)
  5 quokkas
  3 bats (D:3)
  2 frilled lizards
  13 goblins
  23 rats
96 creatures vanquished.

Vanquished Creatures (others)
  3 fulminant prisms (D:4)
3 creatures vanquished.

Grand Total: 99 creatures vanquished

Notes
Turn   | Place    | Note
-------+----------+-------------------------------------------
     0 | D:1      | KamiKatze the Deep Elf Conjurer began the quest for the
                  | Orb.
     0 | D:1      | Reached XP level 1. HP: 10/10 MP: 6/6
   716 | D:2      | Reached skill level 1 in Hexes
   716 | D:2      | Reached XP level 2. HP: 15/15 MP: 2/8
   783 | D:2      | Found a runed translucent door.
   784 | D:2      | Noticed Crazy Yiuf
   897 | D:1      | Learned a level 2 spell: Searing Ray
   931 | D:2      | Reached skill level 1 in Translocations
   939 | D:2      | Reached XP level 3. HP: 13/19 MP: 0/9
  1317 | D:2      | Noticed Robin
  1344 | D:2      | Killed Robin
  1536 | D:2      | Reached XP level 4. HP: 24/24 MP: 8/11
  1623 | D:2      | Reached skill level 5 in Conjurations
  1652 | D:2      | Learned a level 4 spell: Fulminant Prism
  1768 | D:3      | Learned a level 4 spell: Iskenderun's Mystic Blast
  1868 | D:3      | Noticed Ijyb
  2160 | D:3      | Reached XP level 5. HP: 26/28 MP: 6/13
  2479 | D:3      | Killed Ijyb
  2536 | D:4      | Noticed Sigmund
  2956 | D:4      | Reached XP level 6. HP: 32/32 MP: 12/15
  3012 | D:4      | Reached skill level 5 in Spellcasting
  3241 | D:4      | Killed Sigmund
  3242 | D:4      | Reached XP level 7. HP: 26/36 MP: 1/17
  3641 | D:5      | Entered Level 5 of the Dungeon
  3870 | D:5      | Reached skill level 5 in Hexes
  3870 | D:5      | Reached skill level 1 in Evocations
  3874 | D:5      | Found a snail-covered altar of Cheibriados.
  3919 | D:5      | Shot with an arrow by a centaur

Illustrated notes

Levels and vault maps discovered:
D:1:      zelgadis_glass_arrival_small, layout_loops_ring, hangedman_decor_push
D:2:      layout_rooms, uniq_crazy_yiuf_cottage, uniq_robin
D:3:      layout_loops_ring, minmay_rat_hole, uniq_ijyb
D:4:      layout_loops_ring, uniq_sigmund
D:5:      layout_basic, mainiacjoe_overflow_cross_hatched,
          minmay_temple_entry_sparse_star, minmay_bent, uniq_grinder

Skill      XL: |  1  2  3  4  5  6  7 |
---------------+----------------------+-----
Hexes          | 1 2 3 4 5 |  5.0
Translocations | 1 2 3 4 |  4.2
Stealth        | 3 |  3.0
Conjurations   | 5 6 |  6.3
Spellcasting   | 4 5 6 |  6.0
Dodging        | 3 |  3.0
Evocations     | 1 |  1.0

Action                   |  1- 3 |  4- 6 |  7- 9 || total
-------------------------+-------+-------+-------++-------
Melee: Dagger            |    11 |    21 |     5 ||    37
       Punch             |       |     2 |       ||     2
 Cast: Magic Dart        |    59 |    28 |     7 ||    94
       Searing Ray       |     5 |    17 |     8 ||    30
       Fulminant Prism   |       |     3 |       ||     3
       Iskenderun's Myst |       |       |     2 ||     2
  Use: Potion            |     2 |     1 |       ||     3
 Stab: Sleeping          |       |     1 |     1 ||     2
Armor: Animal skin       |       |    12 |     3 ||    15
Dodge: Dodged            |     7 |    33 |    21 ||    61
